 Dungeon Crawl Stone Soup version 0.20-a0-924-gfa95efa (webtiles) character file.

53 nikopol the Skirmisher (level 3, -8/49 HPs)
             Began as a Minotaur Berserker on Mar 27, 2017.
             Was a Follower of Trog.
             Mangled by a gnoll
             ... wielding a +0 halberd
              (9 damage)
             ... on level 2 of the Dungeon.
             The game lasted 00:04:27 (827 turns).

nikopol the Skirmisher (Minotaur Berserker)          Turns: 827, Time: 00:04:28

Health: -8/49      AC:  4    Str: 26    XL:     3   Next: 62%
Magic:  2/2        EV: 11    Int:  4    God:    Trog [*.....]
Gold:   32         SH:  0    Dex: 10    Spells: 2/2 levels left

rFire    . . .     SeeInvis .   a - +0 hand axe
rCold    . . .     Gourm    .   (no shield)
rNeg     . . .     Faith    .   g - +0 scale mail
rPois    .         Spirit   .   (helmet restricted)
rElec    .         Reflect  .   (no cloak)
rCorr    .         Harm     .   (no gloves)
MR       .....                  (no boots)
Stlth    ..........             (no amulet)
Regen    0.2/turn               i - -2 ring of protection (curse)
MPRegen  0.1/turn               j - ring of flight

@: berserking, very quick
A: retaliatory headbutt, horns 2
a: Berserk, Burn Spellbooks, Renounce Religion, Evoke Flight


You were on level 2 of the Dungeon.
You worshipped Trog.
Trog was aware of your devotion.
You were not hungry.

You visited 1 branch of the dungeon, and saw 2 of its levels.

You collected 32 gold pieces.

Inventory:

Hand Weapons
 a - a +0 hand axe (weapon)
Missiles
 p - 15 arrows (quivered)
Armour
 b - a +0 animal skin
 g - a +0 scale mail (worn)
Jewellery
 i - a cursed -2 ring of protection (left hand)
 j - a ring of flight (right hand)
Scrolls
 e - a scroll of identify {unknown}
 f - 2 scrolls of fear {unknown}
 k - a scroll of blinking {unknown}
 l - a scroll of enchant armour {unknown}
 o - a scroll of enchant weapon {unknown}
Potions
 d - a potion of mutation {unknown}
 m - a potion of lignification {unknown}
Comestibles
 c - 3 bread rations
 h - 2 chunks of flesh
 n - a meat ration


   Skills:
 + Level 4.2 Fighting
 + Level 4.1 Axes
 + Level 3.4 Armour
 + Level 2.8 Dodging


You had 2 spell levels left.
You didn't know any spells.

Dungeon Overview and Level Annotations

Branches:
Dungeon (2/15)

Altars:
Trog


Innate Abilities, Weirdness & Mutations

You reflexively headbutt those who attack you in melee.
You have a pair of horns on your head.


Message History

The gnoll hits you from afar with a halberd!
* * * LOW HITPOINT WARNING * * *
A gnoll comes into view. It is wielding a whip.
You barely miss the gnoll.
The gnoll shouts!
The gnoll barely misses you.
You closely miss the gnoll. The gnoll hits you with a spear!
* * * LOW HITPOINT WARNING * * *
The gnoll misses you.
You closely miss the gnoll. You barely miss the gnoll. You headbutt the gnoll!
The gnoll is heavily wounded.
The gnoll hits you with a spear.
* * * LOW HITPOINT WARNING * * *
The gnoll closely misses you.
You slash the gnoll!
You kill the gnoll!
Trog accepts your kill. The gnoll hits you with a halberd!
You die...

#####....######......
#.._.# #.#....
##...## #.#.#.. ##
###..# #.#.#รท# #..
##.#####.#.... #...
#..##.......# #....
##.##.#.###..
#.....########..#.#.#
#.#
+....grg@)......#.#.#
#.#
#.....#########...#.#
#.# #.... #...#.# #.#
#... #...#.###.# #..
#.........# #.
#.....##### # #.#...#
#.#...# #.#...#


You could see 2 gnolls and a rat.

Vanquished Creatures
  2 gnolls (D:2)
  An ooze (D:1)
  4 dart slugs (D:1)
  3 giant cockroaches
  A goblin (D:1)
  A hobgoblin (D:1)
  3 bats (D:1)
  2 frilled lizards
  3 kobolds (D:1)
  4 rats (D:1)
24 creatures vanquished.

Notes
Turn   | Place    | Note
-------+----------+-------------------------------------------
     0 | D:1      | nikopol the Minotaur Berserker began the quest for the Orb.
     0 | D:1      | Reached XP level 1. HP: 19/19 MP: 0/0
   277 | D:1      | Reached XP level 2. HP: 27/27 MP: 1/1
   628 | D:1      | Reached XP level 3. HP: 33/33 MP: 2/2
   668 | D:2      | Found a bloodstained altar of Trog.
   823 | D:2      | HP: 2/49 [gnoll/spear (8)]
   827 | D:2      | Mangled by a gnoll

Vault maps used:
D:1:      dpeg_arrival_tiny_i
D:2:      grunt_gozag_breadcrumbs, bloody_trog

Skill      XL: |  1  2  3 |
---------------+----------+-----
Armour         | 3 |  3.4
Fighting       | 4 |  4.2
Axes           | 4 |  4.1
Dodging        | |  2.8

Action                   || total
-------------------------++-------
Melee: Hand axe          ||    45
       Headbutt          ||    10
Invok: Berserk           ||     1
Armor: Animal skin       ||     2
       Scale mail        ||     7
Dodge: Dodged            ||    12
